[Event "Titled Tuesday Blitz May 9 Late 2023"]
[White "Papasimakopoulos, Alexandros"]
[Black "cryptoguru02"]
[WhiteFideId "4244125"]
[WhiteElo "2359"]
[BlackElo "2593"]
[Result "0-1"]
[Round "10"]
[TimeControl "180+2"]
[Date "2023.05.09"]
[WhiteClock "0:00:08"]
[BlackClock "0:00:10"]

1. d4 d5 2. c4 c6 3. cxd5 cxd5 4. Bf4 Nc6 5. e3 Qb6 6. Qd2 Nf6 7. Nc3 Bg4 8. f3 Bf5 9. g4 Bg6 10. h4 h6 11. h5 Bh7 12. g5 hxg5 13. Bxg5 e6 14. h6 Bg6 15. Nh3 Nh7 16. Bf4 gxh6 17. Nf2 h5 18. Bd3 Nf6 19. Bxg6 fxg6 20. Nd3 Kf7 21. O-O-O Bb4 22. Nxb4 Qxb4 23. Bg5 Rac8 24. Kb1 Na5 25. Bxf6 Nc4 26. Qg2 Kxf6 27. Rhg1 Rhg8 28. e4 Nxb2 29. Nxd5+ exd5 30. Qxb2 Qxb2+ 31. Kxb2 Rge8 32. e5+ Kf5 33. Rg2 g5 34. Rdg1 Rg8 35. Re1 Rc6 36. Rh1 Rc4 37. Rd2 h4 38. Rg1 h3 39. Rg3 Rh8 40. Rg1 h2 41. Rh1 Rh4 42. Rhxh2 Rcxd4 43. Rxd4 Rxh2+ 44. Kb3 Kxe5 45. Rg4 Rh5 46. Kc3 b5 47. a4 bxa4 48. Kd3 a3 49. Ra4 Rh3 50. Ke3 a2 51. Kf2 Rh2+ 52. Kg3 Rb2 53. Ra5 Kd4 54. Kg4 Rg2+ 55. Kf5 Kc4 56. Ke5 d4 57. Ke4 d3 58. Ra4+ Kb3 59. Rxa7 Re2+ 60. Kxd3 Rb2 61. Rb7+ Ka3 62. Ra7+ Kb3 63. Rb7+ Ka4 64. Ra7+ Kb5 65. Kc3 Rf2 66. Kd4 Kb4 67. Ke3 Rg2 68. Kd3 Kb3 69. Rb7+ Ka3 70. Kc3 a1=Q+ 71. Kd3 Qd1+ 72. Ke4 Qe2+ 73. Kd4 Qd2+ 74. Kc4 Qc2+ 75. Kd4 Rd2+ 76. Ke5 Qc5+ 77. Ke4 Rd4+ 78. Ke3 Rb4+ 0-1


[Site "https://www.chess.com"]

[Event "Titled Tuesday Blitz May 9 Late 2023"]
[White "Vakhlamov, Igor L."]
[Black "Tologon tegin, Semetei"]
[WhiteFideId "24126748"]
[BlackFideId "13800574"]
[WhiteElo "2407"]
[BlackElo "2247"]
[Result "1/2-1/2"]
[Round "10"]
[TimeControl "180+2"]
[Date "2023.05.09"]
[WhiteClock "0:01:10"]
[BlackClock "0:00:28"]

1. e4 c5 2. Nf3 d6 3. Nc3 Nf6 4. d4 cxd4 5. Qxd4 a6 6. e5 Nc6 7. Qa4 dxe5 8. Nxe5 Bd7 9. Nxd7 Qxd7 10. Be3 e6 11. Rd1 Qc7 12. g3 Be7 13. Bg2 O-O 14. O-O Rfd8 15. Bf4 Bd6 16. Bg5 Be5 17. Bxc6 Qxc6 18. Qxc6 bxc6 19. Na4 h6 20. Bxf6 Bxf6 21. Kg2 Rab8 22. b3 Bd4 23. Kf3 f5 24. Ke2 Kf7 25. Rd3 e5 26. Rfd1 Ke7 27. c3 Ba7 28. Rxd8 Rxd8 29. Rxd8 Kxd8 30. f3 Ke7 31. Kd3 Kd6 32. Nb2 Kd5 33. c4+ Ke6 34. b4 Bg1 35. h3 h5 36. Nd1 g5 37. g4 e4+ 38. fxe4 fxg4 39. hxg4 h4 40. Ke2 Ke5 41. Kf3 Bd4 42. a4 h3 43. b5 axb5 44. cxb5 cxb5 45. axb5 h2 46. Kg2 Kxe4 47. Kxh2 Kf3 48. b6 Ke2 49. b7 Be5+ 50. Kg2 Kxd1 51. Kf3 Kd2 52. Ke4 Bf4 53. Kf5 Ke2 54. b8=Q Bxb8 55. Kxg5 Ke3 56. Kf5 Kd4 57. g5 Be5 58. Ke6 Ke4 59. g6 Kf4 60. Kf7 Kf5 61. g7 Bxg7 1/2-1/2


[Site "https://www.chess.com"]

[Event "Titled Tuesday Blitz May 9 Late 2023"]
[White "Vlassov, Nikolai"]
[Black "Harshavardhan G B"]
[WhiteFideId "4103360"]
[BlackFideId "25059009"]
[WhiteElo "2324"]
[BlackElo "2323"]
[Result "1-0"]
[Round "10"]
[TimeControl "180+2"]
[Date "2023.05.09"]
[WhiteClock "0:00:13"]
[BlackClock "0:01:25"]

1. e4 e5 2. Bc4 Nf6 3. d3 c6 4. Nf3 d5 5. Bb3 Bd6 6. Nc3 Be6 7. Bg5 d4 8. Ne2 Bxb3 9. axb3 Nbd7 10. O-O h6 11. Bxf6 Qxf6 12. Ng3 g6 13. c3 c5 14. b4 dxc3 15. bxc3 cxb4 16. cxb4 O-O 17. Qb3 Nb6 18. Rfe1 Qe7 19. Rab1 Rfc8 20. d4 exd4 21. e5 Bb8 22. e6 Bxg3 23. hxg3 Rc4 24. exf7+ Qxf7 25. Ne5 Qd5 26. Nxg6 Kg7 27. Nf4 Qf7 28. Re6 Rac8 29. Rbe1 Rc1 30. Qd3 Kg8 31. Qxd4 Qxe6 32. Nxe6 Rxe1+ 33. Kh2 Rxe6 34. Qg4+ Kf7 35. Qf5+ Ke7 36. Qh7+ Kd6 37. Qxb7 Rc7 38. Qb8 Nd5 39. Qf8+ Kc6 40. Qc5+ Kd7 41. Qxd5+ Ke7 42. g4 Rb6 43. Qe4+ Kd7 44. f4 Rcb7 45. Qh7+ Ke8 46. Qh8+ Kf7 47. f5 Rxb4 48. Qxh6 Rxg4 49. Qh5+ Kf6 50. Qxg4 Rg7 51. Qd4+ Kf7 52. Qxa7+ Kf6 53. Qxg7+ Kxg7 54. g4 Kf6 55. Kg3 Kg5 56. Kf3 Kf6 57. Kf4 Kg7 58. g5 Kf7 59. Ke5 Kg7 60. g6 Kh6 61. Ke6 Kh5 62. f6 Kg4 63. f7 Kf4 64. f8=Q+ Ke4 65. g7 Kd4 66. g8=Q Kc4 67. Qg4+ Kb5 68. Qff5+ Kc6 69. Qgg6 Kc7 70. Kd5 Kd8 71. Qff7 Kc8 72. Qgg8# 1-0


[Site "https://www.chess.com"]

[Event "Titled Tuesday Blitz May 9 Late 2023"]
[White "Gritsenko, Nikolai"]
[Black "Seletsky, Grigory"]
[WhiteFideId "14112493"]
[BlackFideId "14112191"]
[WhiteElo "2389"]
[BlackElo "2491"]
[Result "1-0"]
[Round "10"]
[TimeControl "180+2"]
[Date "2023.05.09"]
[WhiteClock "0:00:11"]
[BlackClock "0:00:00"]

1. d4 d6 2. Nf3 Nf6 3. Nc3 Nbd7 4. e4 c6 5. e5 Nd5 6. Nxd5 cxd5 7. exd6 e6 8. Bf4 Qb6 9. Qc1 Bxd6 10. Bxd6 Qxd6 11. Bd3 O-O 12. O-O Rb8 13. a4 b6 14. Qg5 h6 15. Qh4 Nf6 16. Rfe1 Bd7 17. Ne5 Rfc8 18. Re3 Be8 19. Rg3 Kf8 20. Rf3 Qd8 21. h3 Ne4 22. Qf4 Qg5 23. Nd7+ Ke7 24. Nxb8 Qxf4 25. Rxf4 Rxb8 26. Bxe4 g5 27. Rg4 dxe4 28. Rxe4 Rc8 29. c3 Bc6 30. Re5 Bd5 31. f3 Kd6 32. Kf2 Rc7 33. Re2 a6 34. h4 f6 35. hxg5 hxg5 36. Ree1 g4 37. Rh1 Rg7 38. Rh4 gxf3 39. gxf3 f5 40. Rh6 Rg8 41. Rah1 Rc8 42. Rh8 Rc4 43. Rb8 Kc7 44. Rhh8 Rxa4 45. Rhc8+ Kd7 46. Rh8 b5 47. Ke3 Ra2 48. Rh7+ Kc6 49. Rh2 a5 50. Kf4 a4 51. Kg3 a3 52. bxa3 Rxa3 53. Rc8+ Kb7 54. Rc5 Ka6 55. Rb2 Bc4 56. Kf4 Rxc3 57. Rbxb5 Rxf3+ 58. Kxf3 Bxb5 59. Kf4 1-0


[Site "https://www.chess.com"]

[Event "Titled Tuesday Blitz May 9 Late 2023"]
[White "Mazurkiewicz, Michal"]
[Black "Rosen, Eric"]
[WhiteFideId "1124943"]
[BlackFideId "2032562"]
[WhiteElo "2054"]
[BlackElo "2331"]
[Result "0-1"]
[Round "10"]
[TimeControl "180+2"]
[Date "2023.05.09"]
[WhiteClock "0:00:02"]
[BlackClock "0:00:55"]

1. e4 e5 2. Nf3 Nf6 3. d3 Bc5 4. Nxe5 Nc6 5. Nf3 d5 6. exd5 Qxd5 7. Be2 Bg4 8. O-O O-O-O 9. Nc3 Qh5 10. h3 Bxh3 11. gxh3 Qxh3 12. Nh2 h5 13. Bf4 g5 14. Bxg5 Rdg8 15. Qd2 Ng4 16. Nxg4 hxg4 17. Bxg4+ Qxg4# 0-1


[Site "https://www.chess.com"]

[Event "Titled Tuesday Blitz May 9 Late 2023"]
[White "Manukyan, Sargis A."]
[Black "Przybylski, Wojciech"]
[WhiteFideId "13303970"]
[BlackFideId "1117599"]
[WhiteElo "2187"]
[BlackElo "2222"]
[Result "1-0"]
[Round "10"]
[TimeControl "180+2"]
[Date "2023.05.09"]
[WhiteClock "0:01:40"]
[BlackClock "0:00:02"]

1. d4 Nf6 2. c4 e6 3. Nc3 Bb4 4. a3 Be7 5. e4 d6 6. f4 e5 7. fxe5 dxe5 8. d5 Bc5 9. Nf3 Bg4 10. Be2 Bxf3 11. Bxf3 Nbd7 12. Qe2 O-O 13. Be3 a5 14. b3 Bd4 15. Rc1 Re8 16. O-O Qe7 17. Nb5 Bxe3+ 18. Qxe3 Nf8 19. c5 Ng6 20. d6 cxd6 21. cxd6 Qd7 22. Nc7 Qxd6 23. Nxa8 Rxa8 24. Qc5 Qe6 25. Qb5 Qe7 26. Rfd1 h5 27. Qc5 Qe6 28. Qb5 Qe7 29. a4 h4 30. Qb6 Ne8 31. Rd5 Nf4 32. Rxa5 Rd8 33. Rac5 Nd3 34. Rc8 Rxc8 35. Rxc8 Kh7 36. Qd8 Qb4 37. Qxh4+ Kg6 38. Bh5+ Kh6 39. Bxf7# 1-0


[Site "https://www.chess.com"]

[Event "Titled Tuesday Blitz May 9 Late 2023"]
[White "Howell, David W L"]
[Black "Haszon, David"]
[WhiteFideId "410608"]
[BlackFideId "733610"]
[WhiteElo "2567"]
[BlackElo "2210"]
[Result "0-1"]
[Round "10"]
[TimeControl "180+2"]
[Date "2023.05.09"]
[WhiteClock "0:00:00"]
[BlackClock "0:00:32"]

1. e4 c5 2. Nf3 e6 3. d4 cxd4 4. Nxd4 Nf6 5. Nc3 Nc6 6. a3 Be7 7. Be2 O-O 8. O-O a6 9. Nxc6 bxc6 10. e5 Nd5 11. Ne4 Qc7 12. f4 Qb6+ 13. Kh1 Ne3 14. Bxe3 Qxe3 15. Bd3 f5 16. exf6 Bxf6 17. Nxf6+ Rxf6 18. Qh5 g6 19. Qe5 Qxe5 20. fxe5 Rxf1+ 21. Rxf1 a5 22. Rd1 Kf7 23. Kg1 Ke7 24. Kf2 a4 25. Re1 Rb8 26. Rb1 c5 27. Ke3 Bb7 28. g3 Bd5 29. c4 Bc6 30. Bc2 d5 31. exd6+ Kxd6 32. b4 axb3 33. Rxb3 Rf8 34. Ke2 Ke5 35. Re3+ Kd4 36. Rxe6 Bf3+ 37. Kd2 Kxc4 38. Re7 Bd5 39. Ke2 Kd4 40. Ke1 Bc4 41. Rd7+ Kc3 0-1


[Site "https://www.chess.com"]

[Event "Titled Tuesday Blitz May 9 Late 2023"]
[White "Kavutskiy, Konstantin"]
[Black "Kobo, Ori"]
[WhiteFideId "2026384"]
[BlackFideId "2812320"]
[WhiteElo "2323"]
[BlackElo "2454"]
[Result "0-1"]
[Round "10"]
[TimeControl "180+2"]
[Date "2023.05.09"]
[WhiteClock "0:00:00"]
[BlackClock "0:00:09"]

1. d4 d5 2. c4 e6 3. Nf3 Nf6 4. Nc3 Nbd7 5. cxd5 exd5 6. Bf4 c6 7. h3 Ne4 8. Qc2 Bb4 9. e3 Qa5 10. Nd2 Nxc3 11. bxc3 Bxc3 12. Rc1 Bb4 13. Bd3 h6 14. Ke2 O-O 15. Nf3 Re8 16. Rb1 Bf8 17. g4 Nf6 18. Ne5 Ne4 19. Rb3 Be6 20. f3 Nd6 21. g5 h5 22. g6 f6 23. Nf7 Nxf7 24. gxf7+ Bxf7 25. Rxb7 Re7 26. Rhb1 Rae8 27. Rxe7 Bxe7 28. Rb7 Kf8 29. Kf1 Be6 30. Bc7 Bxh3+ 31. Kf2 Qa3 32. Rb3 Qa4 33. Kg3 Bd7 34. Bg6 Rc8 35. Bf4 Qa5 36. Kf2 h4 37. Bf5 Qd8 38. Bxd7 Qxd7 39. Qh7 Kf7 40. Qxh4 c5 41. Rc3 c4 42. Rc1 Qf5 43. Rg1 Rg8 44. Kg3 g5 45. Qh5+ Ke6 46. Bc7 Rc8 47. Qh8 Rxh8 0-1


[Site "https://www.chess.com"]

[Event "Titled Tuesday Blitz May 9 Late 2023"]
[White "Tanenbaum, Zachary"]
[Black "Rodriguez Fontecha, Marcos"]
[WhiteFideId "2060850"]
[BlackFideId "2256576"]
[WhiteElo "2175"]
[BlackElo "2249"]
[Result "1-0"]
[Round "10"]
[TimeControl "180+2"]
[Date "2023.05.09"]
[WhiteClock "0:02:35"]
[BlackClock "0:02:14"]

1. e4 c6 2. d4 d5 3. exd5 cxd5 4. Bd3 Nc6 5. c3 Nf6 6. Bf4 Bg4 7. Qb3 Qb6 8. Nd2 e6 9. Qxb6 axb6 10. Ngf3 Be7 11. O-O O-O 12. a3 Na5 13. Ne5 Bh5 14. Bg3 Rfc8 15. Rae1 Bf8 16. f4 Bg6 17. f5 Bxf5 18. Bxf5 exf5 19. Rxf5 Re8 20. Bh4 Nd7 21. Nxd7 1-0


[Site "https://www.chess.com"]

[Event "Titled Tuesday Blitz May 9 Late 2023"]
[White "Santos Flores, Alberto"]
[Black "Rorrer, Grayson"]
[WhiteFideId "3601234"]
[BlackFideId "30944996"]
[WhiteElo "2235"]
[BlackElo "2200"]
[Result "1-0"]
[Round "10"]
[TimeControl "180+2"]
[Date "2023.05.09"]
[WhiteClock "0:02:47"]
[BlackClock "0:01:57"]

1. d4 g6 2. e4 Bg7 3. Nf3 d6 4. Nc3 Nd7 5. Be3 e6 6. Qd2 Ne7 7. Bh6 O-O 8. h4 Nf6 9. h5 Nxh5 10. g4 Nf6 11. Bxg7 Kxg7 12. Qh6+ Kg8 13. e5 dxe5 14. dxe5 1-0


[Site "https://www.chess.com"]

[Event "Titled Tuesday Blitz May 9 Late 2023"]
[White "Moore, Nicholas"]
[Black "Bryakin, Mikhail"]
[WhiteFideId "4303709"]
[BlackFideId "4165314"]
[WhiteElo "2504"]
[BlackElo "2467"]
[Result "1-0"]
[Round "10"]
[TimeControl "180+2"]
[Date "2023.05.09"]
[WhiteClock "0:00:55"]
[BlackClock "0:02:06"]

1. d4 b6 2. c4 Bb7 3. Nc3 e6 4. a3 Nf6 5. d5 Bd6 6. g3 O-O 7. Bg2 e5 8. Bg5 a6 9. Nf3 h6 10. Bd2 Re8 11. O-O Bf8 12. Qc2 d6 13. b4 Nbd7 14. Nh4 g6 15. e4 Bg7 16. Bc1 Nh7 17. Bb2 a5 18. Rae1 Bf6 19. Nf3 Kg7 20. Re2 Ng5 21. Ne1 Nh7 22. Nd3 axb4 23. axb4 h5 24. Nd1 h4 25. Ne3 hxg3 26. hxg3 Rh8 27. f4 exf4 28. Ng4 Bxb2 29. Qxb2+ f6 30. Rxf4 Ne5 31. Ndxe5 fxe5 32. Nxe5 dxe5 33. Qxe5+ Nf6 34. Ref2 Rf8 35. Qd4 c5 36. bxc5 bxc5 37. Qb2 Ba6 38. e5 Nh5 39. e6+ Nf6 40. g4 Rb8 41. Qe5 Rb1+ 42. Bf1 Rb3 43. e7 Rg3+ 44. Bg2 Qe8 45. exf8=Q+ Qxf8 46. Rxf6 1-0


[Site "https://www.chess.com"]

[Event "Titled Tuesday Blitz May 9 Late 2023"]
[White "Amburgy, Ryan"]
[Black "Remolar Gallen, Jose"]
[WhiteFideId "30924820"]
[BlackFideId "2215187"]
[WhiteElo "2134"]
[BlackElo "2223"]
[Result "1/2-1/2"]
[Round "10"]
[TimeControl "180+2"]
[Date "2023.05.09"]
[WhiteClock "0:01:06"]
[BlackClock "0:00:17"]

1. Nf3 Nf6 2. c4 g6 3. Nc3 Bg7 4. e4 d6 5. d4 O-O 6. Be2 e5 7. Be3 Ng4 8. Bg5 f6 9. Bh4 g5 10. Bg3 Nh6 11. dxe5 dxe5 12. Qc2 c6 13. Nd2 Na6 14. O-O-O Qe7 15. f3 Be6 16. h3 Nf7 17. Bf2 Rfd8 18. a3 Bf8 19. Nb3 b6 20. g4 Rxd1+ 21. Rxd1 Rd8 22. h4 h6 23. h5 Nd6 24. c5 Nxc5 25. Nxc5 bxc5 26. Bxc5 Qf7 27. Bxd6 Bxd6 28. Na4 Bb3 29. Qc3 Kg7 30. Nc5 Bxd1 31. Bc4 Qe7 32. Ne6+ Kh7 33. Nxd8 Qxd8 34. Kxd1 Bxa3+ 35. Ke2 Bc5 36. Qb3 Bb6 37. Bf7 Qd7 38. Bg6+ Kg7 39. Qc4 Ba5 40. b4 Bb6 41. Qa2 Qe7 42. Qa6 Kf8 43. Qc8+ Kg7 44. Bf5 Qxb4 45. Qd7+ Kf8 46. Qc8+ Kg7 47. Be6 Qf8 48. Kd3 Qxc8 49. Bxc8 Kf8 50. Bd7 Ke7 51. Bxc6 Kd6 52. Bd5 Kc5 53. Kc3 Ba5+ 54. Kb3 Be1 55. Ka4 Kd4 56. Be6 Ke3 57. Bf5 Kxf3 58. Kb5 Bf2 59. Ka6 Kf4 60. Kb5 Ke3 61. Ka6 Kd4 62. Kxa7 Kc5 63. Kb7 Kd6 64. Kc8 Ke7 65. Kc7 Be3 66. Kc6 Bf4 67. Kd5 Bg3 68. Kc4 Bh2 69. Kd5 Bg1 70. Kc4 Bf2 71. Kd5 Bg3 72. Kc4 Bh2 73. Kd5 Bg1 74. Kc4 Bf2 75. Kd5 Bg1 1/2-1/2


[Site "https://www.chess.com"]

[Event "Titled Tuesday Blitz May 9 Late 2023"]
[White "Simonian, Hrair"]
[Black "Ladan, Nicholas"]
[WhiteFideId "13302337"]
[BlackFideId "30918855"]
[WhiteElo "2447"]
[BlackElo "2167"]
[Result "1-0"]
[Round "10"]
[TimeControl "180+2"]
[Date "2023.05.09"]
[WhiteClock "0:00:44"]
[BlackClock "0:00:00"]

1. e4 e5 2. Nf3 Nc6 3. Bb5 a6 4. Ba4 g6 5. c3 Bg7 6. d4 b5 7. Bc2 exd4 8. cxd4 d6 9. O-O Nf6 10. h3 O-O 11. Be3 Re8 12. Nbd2 Nb4 13. Rc1 Nxa2 14. Ra1 Nb4 15. e5 Nfd5 16. Be4 Bb7 17. Re1 c5 18. dxc5 Nxe3 19. Rxe3 Bxe4 20. Nxe4 dxc5 21. Nxc5 Qc7 22. Rc3 Rad8 23. Qb3 Nd5 24. Nxa6 Qb6 25. Rc5 b4 26. Rxd5 Rxd5 27. Qxd5 Bh6 28. Nc5 Rd8 29. Nd7 Qc7 30. Rd1 1-0


[Site "https://www.chess.com"]

[Event "Titled Tuesday Blitz May 9 Late 2023"]
[White "Sowa, Ryan"]
[Black "DubiousM0ves532"]
[WhiteFideId "30901693"]
[WhiteElo "2639"]
[BlackElo "2464"]
[Result "1/2-1/2"]
[Round "10"]
[TimeControl "180+2"]
[Date "2023.05.09"]
[WhiteClock "0:00:19"]
[BlackClock "0:00:14"]

1. Na3 e5 2. Nc4 Nc6 3. e4 Nf6 4. d3 d5 5. exd5 Qxd5 6. Nf3 Bc5 7. Be2 O-O 8. O-O h6 9. Be3 Bf5 10. c3 Rad8 11. Qa4 Rfe8 12. Rad1 Bg6 13. b4 Bxe3 14. Nxe3 Qd7 15. b5 Nd4 16. cxd4 exd4 17. Nc4 Rxe2 18. Qxa7 Qxb5 19. Rb1 Qa6 20. Qxa6 bxa6 21. Nfe5 Bf5 22. Rb7 Nd5 23. Rd1 f6 24. Nf3 Nc3 25. Ra1 Bxd3 26. Rxc7 Rxa2 27. Rxa2 Nxa2 28. Ncd2 Nc3 29. Nxd4 Ne2+ 30. Nxe2 Bxe2 31. Rc2 a5 32. f3 a4 33. Kf2 Bb5 34. Ke3 Rd3+ 35. Kf2 a3 36. Ra2 Be8 37. Nb1 Bf7 38. Rxa3 Rxa3 39. Nxa3 g5 40. g3 Kg7 41. Ke3 Be6 42. Nb1 Bb3 43. Nc3 Bc4 44. Ne4 Bd5 45. Nf2 Kf7 46. f4 Ke6 47. Ng4 h5 48. Nf2 Kf5 49. fxg5 fxg5 50. Ke2 h4 51. Kf1 hxg3 52. hxg3 Bf3 53. Kg1 Kg6 54. Kh2 Bc6 55. Nd3 Be8 56. Ne1 Kf5 57. Nc2 Kg6 58. Nb4 Bf7 59. Nd3 Kf6 60. Nc5 Bg6 61. Nd7+ Kg7 62. Nb6 Kf6 63. Nd5+ Kg7 64. Nc3 Kh6 65. Ne2 Kg7 66. Nd4 Kf6 67. Nf3 Bf5 68. Ne1 Bg4 69. Ng2 Bf5 70. Ne3 Be4 71. Nf1 Kf5 72. Nd2 Bd3 73. Nb3 Bc4 74. Nd4+ Kg6 75. Nf3 Bf7 76. Ne5+ Kf6 77. Ng4+ Kg6 78. Ne5+ Kf6 79. Nf3 Kf5 80. Ne1 Bh5 81. Ng2 Bf3 82. Ne3+ Kg6 83. Kh3 Be4 84. Nf1 Bd3 85. Nd2 Bf5+ 86. Kg2 Be6 87. Kf3 Bf5 88. Nc4 Be6 89. Ne3 Bf7 90. Ke4 Be6 91. Ke5 Bc8 92. Nd5 Bh3 93. Ne7+ Kh5 94. Kf6 1/2-1/2


[Site "https://www.chess.com"]

[Event "Titled Tuesday Blitz May 9 Late 2023"]
[White "Mikhalsky, Vladimir"]
[Black "Kim, Sergey"]
[WhiteFideId "14144352"]
[BlackFideId "13700570"]
[WhiteElo "2236"]
[BlackElo "2616"]
[Result "0-1"]
[Round "10"]
[TimeControl "180+2"]
[Date "2023.05.09"]
[WhiteClock "0:00:08"]
[BlackClock "0:00:14"]

1. c4 Nf6 2. Nc3 g6 3. e4 d6 4. d4 Bg7 5. f3 O-O 6. Be3 Nc6 7. Nge2 a6 8. Rb1 e5 9. d5 Ne7 10. Nc1 Nh5 11. Be2 Nf4 12. O-O f5 13. Nd3 Nxe2+ 14. Qxe2 h6 15. b4 fxe4 16. fxe4 g5 17. c5 Ng6 18. g3 Rxf1+ 19. Qxf1 Bd7 20. Nb2 Qf8 21. Nc4 Qe7 22. Qe2 Rf8 23. a4 Kh7 24. Na5 Bc8 25. c6 b6 26. Nc4 Bh3 27. Nd2 Nf4 28. Qc4 a5 29. bxa5 bxa5 30. Nf1 Qf7 31. gxf4 gxf4 32. Bf2 Qg6+ 33. Ng3 fxg3 34. Bxg3 h5 35. Nd1 Rf1+ 36. Qxf1 Bxf1 37. Kxf1 Qxe4 38. Rb7 Qxd5 39. Rxc7 Qxd1+ 40. Kg2 Qd2+ 41. Kh3 Qd5 42. Kh4 Kg6 43. Rc8 Qe6 0-1


[Site "https://www.chess.com"]

[Event "Titled Tuesday Blitz May 9 Late 2023"]
[White "Komov, Roman"]
[Black "Rios Escobar, Adan"]
[WhiteFideId "24175714"]
[BlackFideId "3403645"]
[WhiteElo "2189"]
[BlackElo "2450"]
[Result "1-0"]
[Round "10"]
[TimeControl "180+2"]
[Date "2023.05.09"]
[WhiteClock "0:00:40"]
[BlackClock "0:00:03"]

1. Nf3 Nf6 2. c4 g6 3. d4 Bg7 4. Nc3 d5 5. Bg5 Ne4 6. Bf4 Nxc3 7. bxc3 c6 8. e3 O-O 9. Bd3 Nd7 10. O-O Nf6 11. Be5 h6 12. Rb1 b6 13. h3 Be6 14. Qe2 Qd7 15. Rfd1 Rac8 16. a4 Rfd8 17. a5 bxa5 18. c5 Ne4 19. Qc2 Ng5 20. Nxg5 hxg5 21. Ba6 Bxh3 22. Bxc8 Rxc8 23. gxh3 Bxe5 24. dxe5 Qxh3 25. Qe2 Kg7 26. Qf1 Qf5 27. Qg2 Rh8 28. Ra1 Rh4 29. Rd4 g4 30. c4 e6 31. cxd5 exd5 32. Rad1 Kf8 33. e4 dxe4 34. Qxe4 Qh5 35. e6 fxe6 36. Rd8+ Kg7 37. R1d7+ Kf6 38. Rf8+ Kg5 39. Qf4# 1-0


[Site "https://www.chess.com"]

[Event "Titled Tuesday Blitz May 9 Late 2023"]
[White "Nikologorskiy, Konstantin"]
[Black "Qiao, Cindy"]
[WhiteFideId "24111708"]
[BlackFideId "2620243"]
[WhiteElo "2273"]
[BlackElo "1777"]
[Result "0-1"]
[Round "10"]
[TimeControl "180+2"]
[Date "2023.05.09"]
[WhiteClock "0:00:13"]
[BlackClock "0:00:08"]

1. d4 d5 2. c4 e6 3. Nf3 Nf6 4. g3 Be7 5. Bg2 O-O 6. O-O dxc4 7. Qc2 a6 8. Qxc4 b5 9. Qc2 Bb7 10. Bg5 Ra7 11. Nbd2 Nc6 12. Nb3 Nb4 13. Qc1 Qa8 14. a3 Nbd5 15. Nc5 Bxc5 16. Qxc5 h6 17. Bd2 a5 18. Ne5 b4 19. axb4 a4 20. Rfe1 Rd8 21. e4 Nb6 22. Qe7 Rf8 23. Bxh6 Nc8 24. Qc5 gxh6 25. Qc1 Kg7 26. Qf4 Nd6 27. Rac1 Bxe4 28. Bxe4 Ndxe4 29. Ng4 Nxg4 30. Qxg4+ Ng5 31. h4 f5 32. Qe2 Nf3+ 33. Kf1 Nxe1 34. Kxe1 Qe4 35. Qxe4 fxe4 36. Rc6 Rb7 37. Rc4 Rd8 38. Ke2 Rdb8 39. Ke3 Rxb4 40. Rxc7+ Kf6 41. g4 Rxb2 42. Ra7 R8b3+ 43. Kxe4 Re2+ 44. Kf4 Rxf2+ 45. Ke4 Rg2 46. Kf4 a3 47. Ra6 Rf2+ 48. Ke4 Rbf3 49. d5 Rf4+ 50. Ke3 R2f3+ 51. Ke2 Rf2+ 52. Ke3 a2 53. Rxe6+ Kf7 54. Ra6 R4f3+ 55. Ke4 Rb3 56. Ra7+ Ke8 57. Ra8+ Kd7 58. Ra7+ Kc8 59. d6 Rd2 60. Ke5 Rb1 61. d7+ Kd8 62. Ra8+ Kxd7 63. Ra7+ Kc6 64. Ra3 a1=Q+ 65. Rc3+ Qxc3+ 66. Kf5 Rd5+ 67. Kg6 Qd3+ 68. Kxh6 Rd6+ 69. Kh5 Rd7 70. g5 Qd5 71. Kg4 Qd4+ 72. Kh5 Rb4 73. Kg6 Qxh4 74. Kf6 Rd5 75. Ke6 Qxg5 76. Kf7 Qf5+ 77. Ke7 Rd7+ 78. Ke8 Qf7# 0-1


[Site "https://www.chess.com"]

[Event "Titled Tuesday Blitz May 9 Late 2023"]
[White "Sreyas Payyappat"]
[Black "Bruedigam, Martin"]
[WhiteFideId "46674969"]
[BlackFideId "24608033"]
[WhiteElo "2043"]
[BlackElo "2331"]
[Result "0-1"]
[Round "10"]
[TimeControl "180+2"]
[Date "2023.05.09"]
[WhiteClock "0:00:01"]
[BlackClock "0:00:56"]

1. e4 c6 2. d4 d5 3. Nc3 dxe4 4. Nxe4 Bf5 5. Ng3 Bg6 6. Nf3 Nd7 7. h4 h6 8. Bd3 Bxd3 9. Qxd3 Ngf6 10. Bf4 Qa5+ 11. Bd2 Qc7 12. O-O-O e6 13. Rde1 Be7 14. Ne2 Nd5 15. a3 c5 16. c4 cxd4 17. Nexd4 O-O 18. Kb1 N5b6 19. Ng5 Nf6 20. Bc3 Qxc4 21. Qc2 Rac8 22. Re3 Nbd5 23. Rf3 Bxa3 24. bxa3 Nxc3+ 25. Kc1 Ne2+ 26. Kb1 Nxd4 0-1


[Site "https://www.chess.com"]

[Event "Titled Tuesday Blitz May 9 Late 2023"]
[White "Rangel, Daniel"]
[Black "Janaszak, Dawid"]
[WhiteFideId "2124475"]
[BlackFideId "1119206"]
[WhiteElo "2256"]
[BlackElo "2220"]
[Result "0-1"]
[Round "10"]
[TimeControl "180+2"]
[Date "2023.05.09"]
[WhiteClock "0:00:43"]
[BlackClock "0:01:41"]

1. c4 e6 2. g3 d5 3. Bg2 h5 4. Nf3 h4 5. Nxh4 Rxh4 6. gxh4 Qxh4 7. cxd5 exd5 8. Bxd5 Nf6 9. Bf3 Nc6 10. e3 Ne5 11. Be2 Ne4 12. Qc2 Qxf2+ 13. Kd1 Qg2 14. Rf1 Bg4 15. Qa4+ c6 16. Bxg4 Qxf1+ 17. Kc2 Qd3+ 18. Kd1 Nxg4 19. Nc3 Nxe3+ 20. Ke1 Qf1# 0-1


[Site "https://www.chess.com"]

[Event "Titled Tuesday Blitz May 9 Late 2023"]
[White "Erzhanov, Arman"]
[Black "Pasti, Aron"]
[WhiteFideId "4138821"]
[BlackFideId "785857"]
[WhiteElo "2138"]
[BlackElo "2173"]
[Result "1-0"]
[Round "10"]
[TimeControl "180+2"]
[Date "2023.05.09"]
[WhiteClock "0:00:17"]
[BlackClock "0:00:10"]

1. e4 c5 2. Nf3 e6 3. b3 Nc6 4. Bb5 Nd4 5. Nxd4 cxd4 6. O-O Nf6 7. Bd3 d5 8. e5 Nd7 9. f4 Nc5 10. Be2 Ne4 11. Bb2 Bc5 12. d3 Nc3 13. Bxc3 dxc3+ 14. d4 Bb4 15. a3 Qa5 16. Rf3 Bd7 17. Rg3 O-O 18. Bd3 f6 19. Qg4 Rf7 20. exf6 e5 21. Bxh7+ Kxh7 22. Qg6+ Kg8 23. fxe5 Qb6 24. Qd3 Bb5 25. Qe3 Qa5 26. Qh6 Qb6 27. Rxg7+ Kf8 28. Qh8# 1-0


[Site "https://www.chess.com"]

[Event "Titled Tuesday Blitz May 9 Late 2023"]
[White "Roman, Rodrigo"]
[Black "Spitzl, Vinzent"]
[WhiteFideId "3701220"]
[BlackFideId "12901253"]
[WhiteElo "1995"]
[BlackElo "2225"]
[Result "0-1"]
[Round "10"]
[TimeControl "180+2"]
[Date "2023.05.09"]
[WhiteClock "0:00:00"]
[BlackClock "0:00:30"]

1. b3 Nf6 2. Bb2 e6 3. Nf3 d5 4. e3 Be7 5. Be2 O-O 6. c4 b6 7. Ne5 Bb7 8. O-O Nbd7 9. f4 Nxe5 10. fxe5 Nd7 11. d4 f6 12. cxd5 exd5 13. e6 Nb8 14. Bd3 g6 15. Qg4 Kg7 16. h4 f5 17. Rxf5 Rxf5 18. Bxf5 Bxh4 19. e4 Qg5 20. Nc3 gxf5 21. Qxg5+ Bxg5 22. Nxd5 Bxd5 23. exd5 Na6 24. Rf1 Kf6 25. g4 f4 26. Re1 Nb4 27. Re5 Nd3 28. Rf5+ Kg6 29. Bc3 Rd8 30. Kg2 a5 31. Kf3 Nb4 32. Ke4 h6 33. Bd2 f3 0-1


[Site "https://www.chess.com"]

[Event "Titled Tuesday Blitz May 9 Late 2023"]
[White "Karttunen, Mika"]
[Black "6PackPlayer"]
[WhiteFideId "502081"]
[WhiteElo "2396"]
[BlackElo "2290"]
[Result "1-0"]
[Round "10"]
[TimeControl "180+2"]
[Date "2023.05.09"]
[WhiteClock "0:00:22"]
[BlackClock "0:00:03"]

1. c4 e5 2. Nc3 Nf6 3. Nf3 Nc6 4. e4 Bc5 5. Nxe5 Nxe5 6. d4 Bd6 7. c5 Bxc5 8. dxc5 Qe7 9. f4 Neg4 10. e5 Qxc5 11. Qe2 O-O 12. exf6 Nxf6 13. Be3 Qb4 14. O-O-O Re8 15. Qd3 d5 16. Bd4 c5 17. Qb5 Bg4 18. Qxb4 cxb4 19. Bxf6 bxc3 20. Bxc3 Bxd1 21. Kxd1 d4 22. Bd2 a6 23. Bd3 b5 24. Re1 f6 25. Rxe8+ Rxe8 26. g3 g6 27. a4 Kg7 28. axb5 axb5 29. b4 Rb8 30. Ke2 Kf7 31. f5 gxf5 32. Bxf5 h5 33. Kd3 Ke7 34. Be4 Rc8 35. Bd5 Kd6 36. Kxd4 Rc2 37. Bf4+ Ke7 38. h4 Rb2 39. Kc5 Rb1 40. Kxb5 Kd7 41. Bc6+ Ke7 42. Kc5 Rb2 43. b5 Rc2+ 44. Kd4 f5 45. Bd5 Rb2 46. Bc4 Rb4 47. Kc5 Rb1 48. b6 Kd8 49. Bd5 Kd7 50. b7 Rc1+ 51. Kd4 Rd1+ 52. Ke5 Kc7 53. Bf3 Re1+ 54. Kxf5+ Kd7 55. b8=Q Re5+ 56. Qxe5 1-0


[Site "https://www.chess.com"]